 Dungeon Crawl Stone Soup version 0.23-a0-99-g417c70ba38 (webtiles) character file.

2018 Kaname the Destroyer (level 9, 47/68 HPs)
             Began as a Demonspawn Wizard on Aug 18, 2018.
             Was an Initiate of Gozag.
             Quit the game on level 7 of the Dungeon.
             The game lasted 00:22:24 (6927 turns).

Kaname the Destroyer (Demonspawn Wizard)            Turns: 6927, Time: 00:22:24

Health: 47/68      AC:  9    Str: 10    XL:     9   Next: 3%
Magic:  15/15      EV: 10    Int: 25    God:    Gozag
Gold:   223        SH:  0    Dex: 12    Spells: 2/16 levels left

rFire    . . .     SeeInvis .   o - +1 trident "Xuilac" {pierce, Str+2}
rCold    . . .     Gourm    .   (no shield)
rNeg     . . .     Faith    .   D - +1 ring mail of Tartarus {rPois Int+3} (curse)
rPois    +         Spirit   .   b - +0 hat
rElec    .         Reflect  .   (no cloak)
rCorr    +         Harm     .   (no gloves)
MR       .....                  f - +0 pair of boots (curse)
Stlth    +.........             A - amulet of regeneration
HPRegen  0.61/turn              n - ring of resist corrosion
MPRegen  0.14/turn              (no ring)

@: gold aura
A: talons 1, slimy green scales 1, powered by pain 1
a: Potion Petition, Call Merchant, Bribe Branch, Renounce Religion


You were on level 7 of the Dungeon.
You worshipped Gozag.
Gozag was aware of your devotion.
You were not hungry.

You visited 2 branches of the dungeon, and saw 8 of its levels.

You collected 454 gold pieces.
You spent 140 gold pieces at shops.
You paid 91 gold pieces to Gozag.

Inventory:

Hand Weapons
 j - a +1 dagger of venom
 o - the +1 trident "Xuilac" (weapon) {pierce, Str+2}
   (You found it on level 6 of the Dungeon)

   It inflicts extra damage upon your enemies.
   It affects your strength (+2).
 r - a +0 blowgun
Missiles
 q - 3 curare-tipped needles
 y - 128 arrows
Armour
 a - a +0 robe
 b - a +0 hat (worn)
 c - a +0 buckler
 f - a cursed +0 pair of boots (worn)
 D - the cursed +1 ring mail of Tartarus (worn) {rPois Int+3}
   (You found it on level 5 of the Dungeon)

   It affects your intelligence (+3).
   It protects you from poison.
   It has a curse placed upon it.
Jewellery
 n - a ring of resist corrosion (left hand)
 A - an amulet of regeneration (around neck)
Wands
 s - a wand of polymorph (18)
 v - a wand of enslavement (16)
Scrolls
 g - a scroll of random uselessness {unknown}
 i - 2 scrolls of remove curse
 k - a scroll of enchant armour {unknown}
 l - 2 scrolls of immolation {unknown}
 m - 2 scrolls of fog
 p - 3 scrolls of enchant weapon {unknown}
 t - 4 scrolls of blinking
 w - 2 scrolls of amnesia {unknown}
 x - 2 scrolls of teleportation {unknown}
 E - a scroll of noise {unknown}
Potions
 e - a potion of haste
 h - a potion of flight
 u - a potion of brilliance
 z - a potion of invisibility {unknown}
 B - a potion of lignification {unknown}
 C - a potion of curing
Comestibles
 d - 7 rations


   Skills:
 - Level 5.1 Fighting
 - Level 1.7 Dodging
 - Level 1.7 Stealth
 - Level 4.1 Spellcasting
 - Level 8.0 Conjurations
   Level 1.0 Summonings
 - Level 0.8 Translocations
 + Level 6.0 Poison Magic


You had 2 spell levels left.
You knew the following spells:

 Your Spells              Type           Power        Failure   Level  Hunger
a - Magic Dart            Conj           ####         1%          1    None
b - Blink                 Tloc           N/A          26%         2    None
c - Mephitic Cloud        Conj/Pois/Air  ####....     11%         3    ##.....
d - Conjure Flame         Conj/Fire      ####....     14%         3    ##.....
e - Venom Bolt            Conj/Pois      #####.....   36%         5    #####..

Your spell library contained the following spells:

 Spells                   Type           Power        Failure   Level  Hunger
 Call Imp                 Summ           ##......     24%         2    None
 Slow                     Hex            #.......     34%         2    None
 Iskenderun's Battlesphe  Conj/Chrm      ####....     77%         5    #####..
 Bolt of Magma            Conj/Fire/Erth ###.......   91%         5    #####..
 Iron Shot                Conj/Erth      ####......   100%        6    #######
 Orb of Destruction       Conj           #####.....   100%        7    #######
 Spellforged Servitor     Conj/Summ      ####......   100%        7    #######


Dungeon Overview and Level Annotations

Branches:
Dungeon (7/15)             Temple (1/1) D:5

Altars:
Cheibriados
Dithmenos
Fedhas
Gozag
Hepliaklqana
Kikubaaqudgha
Makhleb
Nemelex Xobeh
Okawaru
Qazlal
Ru
Trog
Uskayaw
Vehumet
Xom
Yredelemnul
Zin
Lugonu

Shops:
D:6 %


Innate Abilities, Weirdness & Mutations

You have sharp toenails.
You are partially covered in slimy green scales. (AC +2)
You sometimes gain a little power by taking damage.


Message History

The bullfrog is almost dead.
The bullfrog closely misses you.
The bullfrog hits you but does no damage.
You barely miss the bullfrog.
The bullfrog is almost dead.
The bullfrog hits you. x2
You barely miss the bullfrog.
The bullfrog is almost dead.
The bullfrog hits you but does no damage.
The bullfrog closely misses you.
You hit the bullfrog.
You kill the bullfrog!
Your Poison Magic skill increases to level 6!
You have reached level 9!
Your experience leads to an increase in your attributes!
Your base attributes are Str 8, Int 21, Dex 12.
Increase (S)trength, (I)ntelligence, or (D)exterity?
You feel clever.
Your demonic ancestry asserts itself...
Slimy green scales grow over part of your body.
Are you sure you want to abandon this character and quit the game? (Confirm with "yes".)

##### ##...##
.#
##.....##.##
#..$@...#..#
#..###..#..##
.... #...#..#
#... ##.....#
#.. #.....#
#. #..>..# #
##.<..)#
##.>...## ###
#...##.#


There were no monsters in sight!

Vanquished Creatures
  Sigmund (D:2)
  Eustachio (D:5)
  An ice beast (D:6)
  A sky beast (D:6)
  A phantom (D:5)
  An ogre (D:4)
  Blork the orc (D:5)
  3 bullfrogs
  A wyvern zombie (D:6)
  2 scorpions
  5 killer bees (D:7)
  A crimson imp (D:6)
  A jelly (D:5)
  An orc priest (D:6)
  6 orc wizards
  2 hounds
  Ijyb (D:5)
  A bullfrog skeleton (D:5)
  A centaur skeleton (D:3)
  3 iguanas
  2 worker ants (D:4)
  A hound skeleton (D:5)
  A worker ant zombie (D:6)
  9 adders
  3 adder skeletons
  4 worms
  6 dart slugs
  5 leopard geckos
  9 orcs
  4 ball pythons
  4 giant cockroaches
  6 goblins
  8 hobgoblins
  8 jackals
  3 quokkas
  10 bats
  3 frilled lizards
  11 kobolds
  A quokka skeleton (D:4)
  A quokka zombie (D:6)
  5 rats
139 creatures vanquished.

Notes
Turn   | Place    | Note
-------+----------+-------------------------------------------
     0 | D:1      | Kaname the Demonspawn Wizard began the quest for the Orb.
     0 | D:1      | Reached XP level 1. HP: 13/13 MP: 4/4
   185 | D:1      | Reached skill level 2 in Conjurations
   302 | D:1      | Gained mutation: You have sharp toenails. [demonic ancestry]
   302 | D:1      | Reached XP level 2. HP: 19/19 MP: 4/6
   779 | D:1      | Reached skill level 3 in Conjurations
   792 | D:1      | Reached XP level 3. HP: 7/24 MP: 0/7
   796 | D:1      | Learned a level 2 spell: Blink
   800 | D:1      | Learned a level 3 spell: Mephitic Cloud
  1301 | D:2      | Noticed Sigmund
  2221 | D:2      | Found a shadowy altar of Dithmenos.
  2233 | D:2      | Reached XP level 4. HP: 30/30 MP: 1/8
  2319 | D:2      | Reached skill level 4 in Conjurations
  2327 | D:2      | Learned a level 3 spell: Conjure Flame
  2396 | D:2      | Killed Sigmund
  2396 | D:2      | Reached skill level 5 in Conjurations
  2396 | D:2      | Reached XP level 5. HP: 6/35 MP: 4/9
  2556 | D:2      | Found an ancient bone altar of Kikubaaqudgha.
  2646 | D:2      | Reached skill level 6 in Conjurations
  2725 | D:3      | Gained mutation: You sometimes gain a little power by taking damage. [demonic ancestry]
  2725 | D:3      | Reached XP level 6. HP: 27/41 MP: 6/10
  3444 | D:3      | Found a snail-covered altar of Cheibriados.
  3998 | D:4      | Reached skill level 7 in Conjurations
  4410 | D:4      | Found an iron altar of Okawaru.
  4440 | D:4      | Reached XP level 7. HP: 43/46 MP: 11/11
  4722 | D:4      | Reached skill level 8 in Conjurations
  5121 | D:5      | Entered Level 5 of the Dungeon
  5132 | D:5      | Reached skill level 1 in Fighting
  5163 | D:5      | Found a staircase to the Ecumenical Temple.
  5179 | D:5      | Noticed Eustachio
  5190 | D:5      | Noticed Ijyb
  5202 | D:5      | Killed Eustachio
  5202 | D:5      | Paralysed by Ijyb for 4 turns
  5209 | D:5      | Paralysed by Ijyb for 3 turns
  5227 | D:5      | Killed Ijyb
  5238 | Temple   | Entered the Ecumenical Temple
  5287 | D:5      | Reached XP level 8. HP: 42/61 MP: 3/12
  5329 | D:5      | Noticed Blork the orc
  5338 | D:5      | Killed Blork the orc
  5348 | D:5      | Found a shimmering altar of Xom.
  5348 | D:5      | Noticed an angel
  5349 | D:5      | Found a glowing silver altar of Zin.
  5545 | D:5      | Got a warped ring mail
  5556 | D:5      | Identified the cursed +1 ring mail of Tartarus {rPois Int+3} (You found it on level 5 of the Dungeon)
  5636 | D:5      | Reached skill level 5 in Fighting
  5971 | D:6      | Found an opulent altar of Gozag.
  5979 | D:6      | Became a worshipper of Gozag Ym Sagoz the Greedy
  6045 | D:6      | Learned a level 5 spell: Venom Bolt
  6117 | D:6      | Found Tuczesed's Food Boutique.
  6125 | D:6      | Bought a ration for 70 gold pieces
  6125 | D:6      | Bought a ration for 70 gold pieces
  6228 | D:6      | Got a crystal trident
  6229 | D:6      | Identified the +1 trident "Xuilac" {pierce, Str+2} (You found it on level 6 of the Dungeon)
  6293 | D:6      | Reached skill level 1 in Poison Magic
  6464 | D:6      | Found a stormy altar of Qazlal.
  6735 | D:7      | Reached skill level 5 in Poison Magic
  6847 | D:7      | Found a blossoming altar of Fedhas.
  6926 | D:7      | Gained mutation: You are partially covered in slimy green scales. (AC +2) [demonic ancestry]
  6926 | D:7      | Reached XP level 9. HP: 46/68 MP: 15/15
  6927 | D:7      | Quit the game

Vault maps used:
D:1:      evilmike_arrival_rings, serial_bayou_crossing
D:2:      kiku_gazebo_pond_becter, grunt_dithmenos_smoke_and_mirrors,
          uniq_sigmund
D:3:      kennysheep_slug_shrine
D:4:      kennysheep_okawaru_gauntlet, first_ration, grunt_ministairs_15,
          nicolae_zen_rock_garden
D:5:      grunt_temple_overflow_order_and_chaos_1,
          minmay_temple_entry_purple_smoke, uniq_blork_the_orc, uniq_eustachio,
          uniq_ijyb
D:6:      kennysheep_little_box, lemuel_coloured_pillars_altar, serial_shops,
          shop, st_stairs_11
D:7:      lemuel_crystal_altar, nicolae_tso_besieged_by_evil,
          cheibrodos_ashenzari_chains
Temple:   corrupted_temple

Skill      XL: |  1  2  3  4  5  6  7  8 |
---------------+-------------------------+-----
Conjurations   | 2 3 5 6 7 8 |  8.0
Fighting       | 4 5 |  5.1
Spellcasting   | 4 |  4.1
Poison Magic   | 6 |  6.0
Dodging        | |  1.7
Stealth        | |  1.7
Summonings     | |  1.0
Translocations | |  0.8

Action                   |  1- 3 |  4- 6 |  7- 9 || total
-------------------------+-------+-------+-------++-------
Melee: Unarmed           |     2 |       |       ||     2
       Short sword       |    73 |       |       ||    73
       Kick              |     9 |    10 |       ||    19
       Dagger            |       |    62 |   144 ||   206
       Trident           |       |       |   113 ||   113
 Cast: Magic Dart        |   110 |    77 |    75 ||   262
       Mephitic Cloud    |     1 |     1 |     3 ||     5
       Conjure Flame     |       |     1 |     3 ||     4
       Blink             |       |       |     1 ||     1
  Use: Potion            |     2 |     1 |     1 ||     4
       Scroll            |       |     4 |     1 ||     5
 Stab: Sleeping          |       |     1 |     4 ||     5
       Confused          |       |       |     3 ||     3
  Eat: Chunk             |     3 |     8 |     2 ||    13
       Ration            |       |       |     2 ||     2
Armor: Robe              |    19 |    11 |    10 ||    40
       Ring mail         |       |       |    67 ||    67
Dodge: Dodged            |    82 |    31 |   131 ||   244

Table legend:
 A = Non-vault XP
 B = Vault XP
 C = Vault XP percentage of total XP
 D = Non-vault monster count
 E = Vault monster count
 F = Vault count percentage of total count
                 A         B        C        D         E       F
            +---------+---------+-------+---------+---------+-------
      Total |    2126 |     758 |  26.3 |     127 |      12 |   8.6
            +---------+---------+-------+---------+---------+-------
        D:1 |      58 |       0 |   0.0 |      30 |       0 |   0.0
        D:2 |      85 |     231 |  73.1 |      23 |       1 |   4.2
        D:3 |     178 |       4 |   2.2 |      24 |       1 |   4.0
        D:4 |     394 |      17 |   4.1 |      18 |       3 |  14.3
        D:5 |     358 |     329 |  47.9 |       8 |       3 |  27.3
        D:6 |     514 |     177 |  25.6 |      13 |       4 |  23.5
        D:7 |     539 |       0 |   0.0 |      11 |       0 |   0.0
            +---------+---------+-------+---------+---------+-------
